Cogmind - Beta 14 @@@ ROGUE MODE // 2025.01.15 @ 14:46:28 // Winter2021/Sauler Player: 7604 Result: Destroyed by as-71693 with Assembled Maul Performance ------------- Evolutions (0) 0 Regions Visited (4) 800 Robots Destroyed (27) 135 Value Destroyed (589) 589 Prototype IDs (2) 40 Alien Tech Used (0) 0 Bonus (0) 0 TOTAL SCORE: 1564 Bonus ------- None Cogmind --------- Core Integrity 0/250 Matter 290/300 Energy 16/160 System Corruption 0% Temperature Warm (194) Movement Treading (400) Ox3 Location -9/Mines Parts ------- > --- POWER (1) -------- Light Nuclear Core > --- PROPULSION (2) --- Light Treads Improved Treads > --- UTILITY (2) ------ Cargo Storage Unit > --- WEAPON (2) ------- Particle Gun Light EM Pulse Cannon > --- INVENTORY (30) --- Light Ion Engine Light Nuclear Core Improved Treads Improved Treads Improved Treads Armored Wheel Armored Wheel Flight Unit Heat Sink Improved Heat Sink Cooling System Medium Storage Unit Large Matter Pod (150) Structural Scanner Sensor Array Signal Interpreter Terrain Scanner Seismic Detector Improved Targeting Computer ECM Suite Light Armor Plating Particle Gun Grenade Launcher Grenade Launcher Peak State ------------ > --- POWER ------------ Light Nuclear Core > --- PROPULSION ------- Armored Wheel Armored Wheel > --- UTILITY ---------- Cargo Storage Unit > --- WEAPON ----------- Light EM Pulse Cannon Light EM Pulse Cannon > --- INVENTORY -------- Light Ion Engine Light Nuclear Core Light Treads Improved Treads Improved Treads Improved Treads Improved Treads Flight Unit Heat Sink Improved Heat Sink Cooling System Medium Storage Unit High-capacity Battery Large Matter Pod Structural Scanner Sensor Array Signal Interpreter Terrain Scanner Seismic Detector Improved Targeting Computer ECM Suite Light Armor Plating Particle Gun Particle Gun Grenade Launcher Grenade Launcher [Rating: 16] Favorites ----------- Power Light Nuclear Core Engine Ion Engine Power Core Light Nuclear Core Propulsion Light Treads Treads Light Treads Wheel Armored Wheel Utility Cargo Storage Unit Device Heat Sink Storage Cargo Storage Unit Weapon Light EM Pulse Cannon Energy Cannon Light EM Pulse Cannon Ballistic Gun Assault Rifle Launcher Grenade Launcher Build | -11 -10 -10 -10 -9 ------- Run | Yrd Mat Min Exi Min Slots Evolved . | . . . . . Power . | . . . . . Propulsion . | . . . . . Utility . | . . . . . Weapon . | . . . . . Parts Attached 40 | 6 23 2 . 9 Power 5 | 1 2 1 . 1 Engine 1 | 1 . . . . Core 4 | . 2 1 . 1 Reactor . | . . . . . Propulsion 20 | 2 12 . . 6 Treads 18 | 2 12 . . 4 Leg . | . . . . . Wheel 2 | . . . . 2 Hover . | . . . . . Flight . | . . . . . Utility 5 | 1 4 . . . Device 2 | . 2 . . . Storage 3 | 1 2 . . . Processor . | . . . . . Hackware . | . . . . . Protection . | . . . . . Artifact . | . . . . . Weapon 10 | 2 5 1 . 2 Energy Gun 1 | . . . . 1 Energy Cannon 4 | . 2 1 . 1 Ballistic Gun 4 | 2 2 . . . Ballistic Cannon . | . . . . . Launcher 1 | . 1 . . . Special Weapon . | . . . . . Impact Weapon . | . . . . . Slashing Weapon . | . . . . . Piercing Weapon . | . . . . . Special Melee Weapon . | . . . . . Unidentified Prototypes . | . . . . . Parts Lost 6 | . . 1 . 5 Power 1 | . . . . 1 Propulsion 2 | . . . . 2 Utility . | . . . . . Weapon 3 | . . 1 . 2 Highest Loss Streak 4 | . . 1 . 4 To Critical Strikes . | . . . . . Average Slot Usage (%) 86 | . 88 85 85 84 Core 13 | . 13 14 14 14 Treads 27 | . 27 28 28 27 Device 1 | . 3 . . . Storage 14 | . 14 14 14 14 Energy Cannon 24 | . 20 28 28 27 Ballistic Gun 3 | . 7 . . . Peak Build Rating 16 | 6 15 15 15 16 Average Rating 13 | 5 12 14 15 14 On Entrance 10 | . 6 14 15 15 Naked Turns . | . . . . . Heaviest Build 153 | 13 153 153 153 153 Greatest Support 46 | 40 46 40 40 43 Greatest Overweight (x) 6 | . 3 3 3 6 Average Overweight (x) 2 | . 1 3 3 3 Largest Inventory Capacity 30 | 8 30 30 30 30 Average Capacity 27 | 7 24 30 30 30 Most Carried 30 | 1 26 29 29 30 Average Carried 24 | . 18 28 29 29 Final Capacity 30 | 8 30 30 30 30 Final Carried 29 | 1 26 29 29 24 Class Distribution -------------------- 85% | Hauler-Mutant 14% | Mutant Dominant Class ---------------- Hauler-Mutant | -10/Materials Hauler-Mutant | -10/Mines Hauler-Mutant | -10/Exiles Hauler-Mutant | -9/Mines Resources | -11 -10 -10 -10 -9 ----------- Run | Yrd Mat Min Exi Min Matter Collected 983 | 242 371 295 . 75 Remotely . | . . . . . Salvage Created 797 | 25 397 240 . 135 Parts 58 | 5 33 15 . 5 Haulers Intercepted 1 | . 1 . . . Recyclers Shooed 1 | . 1 . . . Parts Field Recycled . | . . . . . Retrieved Matter . | . . . . . Parts Self-Destructed . | . . . . . Prevented . | . . . . . Kills | -11 -10 -10 -10 -9 ------- Run | Yrd Mat Min Exi Min Combat Hostiles Destroyed 22 | . 11 6 . 5 Guns 8 | . 8 . . . Cannons 14 | . 3 6 . 5 Classes Destroyed 9 | 1 5 . . 3 Builder 1 | . . . . 1 Tunneler 2 | 2 . . . . Hauler 1 | . 1 . . . Recycler 1 | . 1 . . . Watcher 3 | . 3 . . . Swarmer 9 | . 9 . . . Grunt 9 | . 2 6 . 1 Demolisher 1 | . . . . 1 Assembled 3 | . . . . 3 Best Kill Streak 3 | 1 3 2 . 3 Combat Bots Only 3 | . 3 2 . 2 Max Kills in Single Turn 1 | 1 1 1 . 1 Gunslinging . | . . . . . Exploded . | . . . . . Melee . | . . . . . Uniques/NPCs Destroyed . | . . . . . Combat | -11 -10 -10 -10 -9 -------- Run | Yrd Mat Min Exi Min Hostile Shots Fired 129 | . 76 21 . 32 Missed 34 | . 22 8 . 4 Damage Taken 1403 | . 499 162 . 742 Core 270 | . 132 36 . 102 Absorbed by Shields . | . . . . . Regen/Repaired (Parts) 67 | . 67 . . . Core Remaining (%) 100 | 100 . . . . Volleys Fired 69 | 4 44 7 . 14 Largest 2 | 2 2 2 . 2 Hottest 112 | 40 112 112 . 112 Shots Fired 127 | 8 85 13 . 21 Gun 78 | 8 70 . . . Cannon 48 | . 14 13 . 21 Launcher 1 | . 1 . . . Special . | . . . . . Kinetic 78 | 8 70 . . . Thermal . | . . . . . Explosive 1 | . 1 . . . Electromagnetic 48 | . 14 13 . 21 Robot Hit Streak 19 | 2 19 9 . 16 Robot Miss Streak 4 | 2 4 1 . 2 Penetration Max . | . . . . . Secondary Targets 1 | . 1 . . . Max Gunslinging Chain 1 | . 1 . . . Shots Hit Robots 84 | 3 56 10 . 15 Core Hits 39 | 2 21 8 . 8 Critical Kills . | . . . . . Critical Parts Destroyed . | . . . . . Critical Strikes . | . . . . . Melee Attacks . | . . . . . Impact . | . . . . . Slashing . | . . . . . Piercing . | . . . . . Sneak Attacks . | . . . . . Combat Hostiles . | . . . . . Follow-up Attacks . | . . . . . Damage Inflicted 1422 | 44 711 365 . 302 Guns 576 | 44 532 . . . Cannons 675 | . 139 239 . 297 Explosions 153 | . 40 113 . . Melee . | . . . . . Ramming 18 | . . 13 . 5 Kinetic 576 | 44 532 . . . Thermal 153 | . 40 113 . . Explosive . | . . . . . Electromagnetic 675 | . 139 239 . 297 Impact . | . . . . . Slashing . | . . . . . Piercing . | . . . . . Highest Corruption . | . . . . . Average Corruption . | . . . . . Corruption Purged . | . . . . . Corruption Blocked . | . . . . . Overload Shots . | . . . . . Overflow Damage 24 | . . 24 . . Projectiles . | . . . . . Explosions 24 | . . 24 . . Melee . | . . . . . Knockbacks . | . . . . . Impact . | . . . . . Kinetic . | . . . . . Secondary . | . . . . . Self-Inflicted Damage 13 | . 13 . . . Shots 1 | . 1 . . . Rammed 3 | . . 3 . . Targets Rammed 4 | . . 3 . 1 Kicked . | . . . . . Crushed 1 | . . . . 1 Highest Temperature 194 | . 191 102 . 194 Average Temperature 74 | . 64 53 . 95 Received Heat Transfer 336 | . 120 96 . 120 Siege Activations . | . . . . . Robots Corrupted . | . . . . . Combat Hostiles . | . . . . . Parts Fried 1 | . 1 . . . Impact Corruptions . | . . . . . Robots Melted . | . . . . . Combat Hostiles . | . . . . . Parts Melted . | . . . . . Heat Transferred 100 | . . 100 . . Parts Sabotaged . | . . . . . Parts Stolen . | . . . . . Parts Stripped . | . . . . . Power Chain Reactions 2 | . 1 1 . . Alert | -11 -10 -10 -10 -9 ------- Run | Yrd Mat Min Exi Min Peak Influence 277 | 10 277 109 . 45 Initial 6 | . 6 . . . Average 28 | 2 37 29 . 6 Maximum Alert Level 1 | . 1 . . . Low Security (%) 97 | 100 95 100 . 100 Level 1 2 | . 4 . . . Level 2 . | . . . . . Level 3 . | . . . . . Level 4 . | . . . . . Level 5 . | . . . . . High Security . | . . . . . Max Security . | . . . . . Squads Dispatched . | . . . . . Investigation . | . . . . . Extermination . | . . . . . Reinforcement . | . . . . . Assault . | . . . . . Garrison . | . . . . . Intercept . | . . . . . Searches Triggered . | . . . . . Construction Impeded . | . . . . . Haulers Reinforced . | . . . . . Active Scanning Responses . | . . . . . Cargo Convoy Interrupts . | . . . . . Stealth | -11 -10 -10 -10 -9 --------- Run | Yrd Mat Min Exi Min Distress Signals 2 | . 2 . . . Communications Jammed . | . . . . . Distress Signals . | . . . . . Times Spotted 40 | . 20 6 . 14 Peak Tracking Total 6 | . 4 2 . 6 Tactical Retreats 2 | . 1 . . 1 Traps | -11 -10 -10 -10 -9 ------- Run | Yrd Mat Min Exi Min Traps Triggered 2 | . 2 . . . Indirectly . | . . . . . Trap Hack Attempts . | . . . . . Triggered . | . . . . . Disarmed . | . . . . . Reprogrammed . | . . . . . Reused . | . . . . . Traps Extracted . | . . . . . Installed . | . . . . . Triggered . | . . . . . Machines | -11 -10 -10 -10 -9 ---------- Run | Yrd Mat Min Exi Min Machines Disabled . | . . . . . Max in Single Turn . | . . . . . Machines Repaired . | . . . . . Machines Dismantled . | . . . . . Machines Sabotaged . | . . . . . Overloaded Fab Kills . | . . . . . Hacking | -11 -10 -10 -10 -9 --------- Run | Yrd Mat Min Exi Min Machines Accessed 14 | . 10 . 4 . Terminals 7 | . 7 . . . Fabricators . | . . . . . Repair Stations 1 | . 1 . . . Recycling Units 2 | . 2 . . . Scanalyzers . | . . . . . Garrison Access . | . . . . . Total Hacks 33 | . 29 . 4 . Successful 19 | . 15 . 4 . Failed 13 | . 13 . . . Catastrophic . | . . . . . Database Lockouts 1 | . 1 . . . Manual 17 | . 14 . 3 . Terminals 20 | . 20 . . . Fabricators . | . . . . . Repair Stations 5 | . 5 . . . Recycling Units 4 | . 4 . . . Scanalyzers . | . . . . . Garrison Access . | . . . . . Terminal Hacks 11 | . 7 . 4 . Record 4 | . . . 4 . Part Schematic 1 | . 1 . . . Robot Schematic 1 | . 1 . . . Robot Analysis 2 | . 2 . . . Prototype ID Bank 1 | . 1 . . . Alert Level 1 | . 1 . . . Hauler Manifests 1 | . 1 . . . Fabricator Hacks . | . . . . . Repair Station Hacks 4 | . 4 . . . Scan Component 2 | . 2 . . . Repair 2 | . 2 . . . Recycling Unit Hacks 2 | . 2 . . . Retrieve Components 2 | . 2 . . . Scanalyzer . | . . . . . Garrison Access Hacks . | . . . . . Unauthorized Hacks 2 | . 2 . . . Terminals 2 | . 2 . . . Track 1 | . 1 . . . Botnet 1 | . 1 . . . Fabricators . | . . . . . Repair Stations . | . . . . . Recycling Units . | . . . . . Scanalyzers . | . . . . . Garrison Access . | . . . . . Data Cores Recovered . | . . . . . Used . | . . . . . Hacking Detections 7 | . 7 . . . Full Trace Events . | . . . . . Feedback Events . | . . . . . Feedback Blocked . | . . . . . Robot Schematics Acquired 1 | . 1 . . . Robots Built . | . . . . . Authchips . | . . . . . Time . | . . . . . Total Robot Build Rating . | . . . . . Part Schematics Acquired 1 | . 1 . . . Parts Built . | . . . . . Authchips . | . . . . . Time . | . . . . . Total Part Build Rating . | . . . . . Parts Repaired 2 | . 2 . . . Time 64 | . 64 . . . Parts Recycled . | . . . . . Recycled Matter . | . . . . . Retrieved Matter . | . . . . . Retrieved Components 11 | . 11 . . . Parts Scanalyzed . | . . . . . Part Schematics Acquired . | . . . . . Parts Damaged . | . . . . . Bothacking | -11 -10 -10 -10 -9 ------------ Run | Yrd Mat Min Exi Min Used RIF Installer . | . . . . . Robots Hacked . | . . . . . Non-combat . | . . . . . Combat . | . . . . . Robot Hacks Applied . | . . . . . Relay Couplers Released . | . . . . . Fabnet Peak Effective % . | . . . . . Robots Rewired . | . . . . . Allies Hacked . | . . . . . Hacks Repelled . | . . . . . Allies | -11 -10 -10 -10 -9 -------- Run | Yrd Mat Min Exi Min Total Allies . | . . . . . Largest Group . | . . . . . Highest-Rated Group . | . . . . . Highest-Rated Ally . | . . . . . Total Orders . | . . . . . Ally Attacks . | . . . . . Total Damage . | . . . . . Kills . | . . . . . Allies Corrupted . | . . . . . Allies Melted . | . . . . . Intel | -11 -10 -10 -10 -9 ------- Run | Yrd Mat Min Exi Min Robot Analysis Total 2 | . 2 . . . Derelict Logs Recovered 2 | . . 1 . 1 Drone Launches . | . . . . . Drone Recoveries . | . . . . . Exploration | -11 -10 -10 -10 -9 ------------- Run | Yrd Mat Min Exi Min Turns Passed 8792 | 158 3548 1610 2141 1335 Spaces Moved 2456 | 89 1128 386 536 317 Core 6 | 6 . . . . Treads 2448 | 83 1128 386 536 315 Legs . | . . . . . Wheels 2 | . . . . 2 Hover . | . . . . . Flight . | . . . . . Fastest Speed 50 | 50 160 400 400 180 Average Speed 339 | 152 287 400 400 398 Slowest Speed 400 | 160 400 400 400 400 Overloaded Moves . | . . . . . Propulsion Burnouts . | . . . . . Robots Hopped . | . . . . . Cave-ins Triggered . | . . . . . Exploration Rate (%) 71 | 6 94 88 93 75 Regions Visited 4 Branch Regions 3 Pre-discovered Areas 1 | . . . . 1 Known Exits Taken . | . . . . . Unknown Exits Taken 4 | 1 1 1 1 . Scrap Searched 2 | . . 1 . 1 Spaces Dug 8 | . 8 . . . Terrain Destroyed 20 | . 11 9 . . Melee . | . . . . . Projectile . | . . . . . AOE 20 | . 11 9 . . Terrain Rammed . | . . . . . Walls Destroyed . | . . . . . Machines Disabled . | . . . . . Actions | -11 -10 -10 -10 -9 --------- Run | Yrd Mat Min Exi Min Total 2793 | 101 1359 433 535 365 Wait 137 | 2 92 27 . 16 Move 2452 | 88 1127 385 535 317 Hop . | . . . . . Pick Up 58 | 1 47 6 . 4 Fast Attach 19 | 6 13 . . . Attach 8 | . 2 1 . 5 Detach 3 | . 3 . . . Swap 13 | . 8 1 . 4 Drop 30 | . 23 3 . 4 Fire 69 | 4 44 7 . 14 Melee . | . . . . . Ram . | . . . . . Kick . | . . . . . Crush 4 | . . 3 . 1 Escape Stasis . | . . . . . Rewire . | . . . . . Trap . | . . . . . Miscellaneous . | . . . . . Route ------- -11/Scrapyard -10/Materials (discovered 4 exits: [*Mat x2] / [*Min x2]) -10/Mines (discovered 3 exits: [*Mat x2] / *Exi) -10/Exiles -9/Mines History --------- Turn | Location | Event 6 | -11/Scrapyard | Discovered new exit (range 15) 159 | -11/Scrapyard | Entered Materials 324 | -10/Materials | Build established: Mutant 530 | -10/Materials | Discovered new exit (range 15) 1028 | -10/Materials | Central database locked down 1131 | -10/Materials | Discovered new exit (range 14) 1551 | -10/Materials | Build established: Hauler-Mutant 1712 | -10/Materials | Discovered new exit (range 11) 2356 | -10/Materials | Repaired Lgt. Nuclear Core 2383 | -10/Materials | Repaired Heat Sink 2559 | -10/Materials | Core integrity fell below 50% 3447 | -10/Materials | Discovered new exit (range 9) 3707 | -10/Materials | Entered Mines 3735 | -10/Mines | Met a Derelict bent on vengeance 4416 | -10/Mines | Learned 2 Materials zone layouts 4469 | -10/Mines | Discovered new exit (range 3) 5163 | -10/Mines | Discovered new exit (range 12) 5295 | -10/Mines | Deemed a non-threat by the Exiles lab entrance 5299 | -10/Mines | Discovered new exit (range 5) 5317 | -10/Mines | Entered Exiles 5317 | -10/Exiles | Found Exiles lab abandoned 7406 | -10/Exiles | Discovered new exit (range 14) 7458 | -10/Exiles | Entered Mines 8173 | -9/Mines | Learned location of Storage (-7) 8699 | -9/Mines | Assembled infested the area 8747 | -9/Mines | Core integrity fell below 20% 8782 | -9/Mines | Lost 4 parts (1p2n1w) 8793 | -9/Mines | Destroyed by as-71693 with Assembled Maul Last Messages --------------- 08762_ The unstable cave ceiling collapses. 08762_ U-05 Engineer builds a Wall. 08764_ The unstable cave ceiling collapses. 08767_ U-05 Engineer lays Concrete. 08768_ The unstable cave ceiling collapses. 08768_ U-05 Engineer builds a Wall. 08771_ Acquired 75 matter. 08773_ U-05 Engineer lays Concrete. 08774_ R-06 Scavenger collects Corrupted Cmb. Airjet. 08775_ Crushed U-05 Engineer. 08775_ U-05 Engineer destroyed. 08776_ R-06 Scavenger system corrupted by crushing effect. 08779_ as-51328 destroyed. 08783_ The unstable cave ceiling collapses. 08784_ Lgt. EM Pulse Cannon destroyed. 08787_ as-26237 destroyed. 08790_ The unstable cave ceiling collapses. 08793_ Dropped Hcp. Battery. Map ----- +----------------------------------------------------+ | | | | | ????????????????????????????????????????? | | ????????????????????????????????????????? | | ????????????????????????????????????????? | | ????????????????????????????????????????? | | ????????????????????????????????????????? | | ????????????????????????????????????????? | | ????????????????????????????????????????? | | ????????????????????????????????????????? | | ????????????????????????????????????????? | | ????????????????????????????????????????? | | ???????????????????????????????#????????? | | ?????????????????????????????? #????????? | | ?????????????????????????????? #????????? | | ?????????????????????????????? #????????? | | ???????????????##????????????? #????????? | | #?????????????? ##??????????? #????????? | | ##????????????? ??????????? #????????? | | ##???????????? ???????###? #????????? | | ##???????????# ??????## ## ###??????? | | ####????????# ?????## ##?????? | | ##???????# #?????# #% % #?????? | | ###?????# #?????#### # #?????? | | ##????# $#?????#aa = #?????? | | #????# #?????#@# # #?????? | | #????# #?????#*# #?????? | | #????# #?????# # # ##?????? | | #?????# ####### # ##??????? | | ##?????# #######???????? | | ####??????# #########?????????????? | | ##?????????# #?????????????????????? | | #??????????# #?????????????????????? | | # #??????????# #########?????????????? | | ## ##????????## ##????????????? | | ## ####????## #????????????? | | # ##??## #????????????? | | # #??# #????????????? | | ## #??# ####??????????? | | ?# ##??## % #?????????? | | ## ###????## #### #?????????? | | ##???????## ##????### ??????????? | | # #????????## ##??????????????????? | | ## ######??## ##?????????????????? | | ?# #??# #?????????????????? | | ?## #?## #?????????????????? | | ??# ## ### #?????????????????? | | ??## ### % ##?????????????????? | | ???####?##### #??????????????????? | | ##??????????## ##??????????????????? | +----------------------------------------------------+ Best States ------------- Heat Dissipation 35 Energy Generation 14 Energy Capacity 250 Matter Stores 300 Matter Capacity 300 Sight Range 16 Terrain Scan Density 10 Evasion (%) 40 Recoil Reduction 2 Item Schematics ----------------- Huge Storage Unit | -10/Materials | Hacked Robot Schematics ------------------ M-13 Machinist | -10/Materials | Hacked Fabricated ------------ Nothing Alien Tech Used ----------------- None Achievements -------------- None Challenges ------------ None Game ------ Seed AdvancedSystemFlamer Manual? 0 Play Time 00:21:43 Cumulative 190.5 hours Start 2025.01.15 @ 14:15:29 End 2025.01.15 @ 14:46:28 Sessions 1 Manual Loads 0 Difficulty Rogue Special Mode Winter2021/Sauler Game No. 99 Rogue 36 Adventurer 63 Explorer 0 Win Type - Total 8 Types 7/0/0/1/0/0/0/0/0 Lore% 73 Gallery% 70 Achievement% 57 Wizard Run 0 Options --------- Layout 1 ASCII 0 Keyboard 1 Movement Numpad Keybinds 0 Fullscreen 2 Font 24/Terminus Map View 50x35 Zoom Use 0% Tactical HUD 1 Map Filters NONE Filters NONE Steam 1 RUN: 066d5147-9338-4c23-a666-f2b579bccd8b